 Dungeon Crawl Stone Soup version 0.28-a0-991-g956f0ee3d5 (webtiles) character file.

Game seed: 5846369545104116570

1 ragingrage the Sneak (level 1, -1/18 HPs)
             Began as a Merfolk Delver on Dec 4, 2021.
             Slain by a bullfrog zombie (3 damage)
             ... on level 3 of the Dungeon.
             The game lasted 00:00:30 (87 turns).

ragingrage the Sneak (Merfolk Delver)                 Turns: 87, Time: 00:00:31

Health: -1/18      AC:  3    Str: 12    XL:     1   Next: 20%
Magic:  1/1        EV: 12    Int:  9    God:
Gold:   10         SH:  0    Dex: 15    Spells: 0/0 levels left

rFire   . . .      SeeInvis .   a - +0 spear
rCold   . . .      Faith    .   (no shield)
rNeg    . . .      Spirit   .   b - +0 leather armour
rPois   .          Reflect  .   (no helmet)
rElec   .          Harm     .   (no cloak)
rCorr   .          Rampage  .   (no gloves)
Will    .....                   (no boots)
Stlth   +++.......              (no amulet)
HPRegen 0.06/turn               (no ring)
MPRegen 0.07/turn               (no ring)

@: no status effects
A: (nimble swimmer 2), mertail
a: no special abilities


You were on level 3 of the Dungeon.
You visited 1 branch of the dungeon, and saw 4 of its levels.

You collected 10 gold pieces.

Inventory:

Hand Weapons
 a - a +0 spear (weapon)
Armour
 b - a +0 leather armour (worn)
 k - a +2 pair of boots
Wands
 g - a wand of digging (3)
Scrolls
 c - a scroll of fog
 d - a scroll of magic mapping
Potions
 f - a potion of haste
 j - a potion of flight


   Skills:
 - Level 3.2 Fighting
 * Level 3.2 Polearms
 - Level 2.6 Dodging
 - Level 5.4 Stealth


You couldn't memorise any spells.
You didn't know any spells.
Your spell library was empty.

Dungeon Overview and Level Annotations

Branches:
Dungeon (6/15)
 Temple: D:4-7

Altars:
Vehumet

Annotations:
D:4 Dowan
D:5 exclusions: downstairs and statue


Innate Abilities, Weirdness & Mutations

((You are quick and stealthy near water. (Stealth+, EV+, Speed+++)))
Your lower body shifts to a powerful aquatic tail in water.


Message History

* * * LOW HITPOINT WARNING * * *
There is a stone staircase leading up here.
The ufetubus hits you but does no damage. x2
You climb upwards.
There is a stone staircase leading down here.
Unknown command.
A hobgoblin comes into view.
You hit the bat.
You kill the bat!
The hobgoblin shouts!
The ufetubus misses you. The ufetubus hits you.
* * * LOW HITPOINT WARNING * * *
The ufetubus closely misses you. x2
As you read the scroll of fear, it crumbles to dust.
You assume a fearsome visage.
The hobgoblin looks frightened!
The bullfrog zombie is unaffected.
The ufetubus looks frightened!
As you read the scroll labelled KOTTAT NUGUPYNG, it crumbles to dust.
It is a scroll of identify.
j - a potion of flight
Okay, then.
Okay, then.
It was a potion of ambrosia.
You are confused.
You feel invigorated.
An orc comes into view. It is wielding a +0 whip.
A goblin comes into view. It is wielding a +0 dagger.
The bullfrog zombie hits you.
You're too confused to move!
You feel less invigorated.
You feel less confused. The bullfrog zombie hits you.
The bullfrog zombie barely misses you. The bullfrog zombie hits you.
Found a green potion.
The bullfrog zombie hits you.
* * * LOW HITPOINT WARNING * * *
An orc comes into view. It is wielding a +0 hand axe.
The bullfrog zombie hits you.
* * * LOW HITPOINT WARNING * * *
The sentinel's mark upon you fades away.
The bullfrog zombie hits you.
You die...

#........#
#####...o....#
#............#
#........#####
#.....g..#
#.!......#
#.o......#
#.Z......#
#.@......#
#........#
+........#
#........#
#........#
#........#
#.######## #.


You could see 2 orcs, a bullfrog zombie and a goblin.

Vanquished Creatures
  A bat (D:3)
1 creature vanquished.

Notes
Turn   | Place    | Note
-------+----------+-------------------------------------------
     0 | D:5      | ragingrage the Merfolk Delver began the quest for the Orb.
     0 | D:5      | Reached XP level 1. HP: 18/18 MP: 1/1
     4 | D:5      | Found a radiant altar of Vehumet.
    24 | D:5      | Noticed a frost-covered statue
    32 | D:6      | Noticed an orc priest
    65 | D:4      | Noticed Dowan
    87 | D:3      | Slain by a bullfrog zombie

Illustrated notes

Levels and vault maps discovered:
D:3:      layout_basic, hellmonk_ecumenical_altar_lost_god
D:4:      layout_cave_pools, uniq_duvessa
D:5:      layout_rooms, vehumet_statue, kennysheep_little_box,
          minmay_temple_entry_grid, serial_glass, glass_columns_b,
          glass_columns_c, minmay_misc_feat_chi, uniq_blork_the_orc
D:6:      layout_basic

Action                   || total
-------------------------++-------
Melee: Spear             ||     1
  Use: Scroll            ||     2
       Potion            ||     1
Armor: Leather armour    ||     3
Dodge: Dodged            ||    12

Table legend: (Time is in decaauts)
 A = Elapsed time spent in this place.
 B = Non-inter-level travel time spent in this place.
 C = Inter-level travel time spent in this place.
 D = Time resting spent in this place.
 E = Time spent auto-exploring this place.
 F = Levels seen in this place.
 G = Mean time per level.
                   A        B        C        D        E       F      G
               +--------+--------+--------+--------+--------+-----+--------+
         Total |     86 |     82 |      4 |      0 |     27 |   4 |   21.5 |
       Dungeon |     86 |     82 |      4 |      0 |     27 |   4 |   21.5 |
               +--------+--------+--------+--------+--------+-----+--------+

Top non-repeatable levels by time:
     D:5: 58 daAuts
     D:3: 17 daAuts
     D:4: 8 daAuts
     D:6: 1 daAuts
